[Event "Early-Titled-Tuesday-Blitz-July-09-2024"]
[Site "Chess.com"]
[Date "2024.07.09"]
[Round "9"]
[White "DucksParadise"]
[Black "EternalNight8"]
[Result "1-0"]
[WhiteElo "2617"]
[BlackElo "2399"]
[TimeControl "180+1"]
[EndTime "9:45:42 PDT"]
[Termination "DucksParadise won on time"]

1. e4 c5 2. Nc3 a6 3. d4 cxd4 4. Qxd4 Nc6 5. Qe3 b5 6. Nf3 g6 7. Be2 Bg7 8. Nd5 e6 9. Nb6 Rb8 10. Nxc8 Qxc8 11. c3 Nge7 12. O-O O-O 13. Rd1 d5 14. h4 h5 15. exd5 Nxd5 16. Qe4 Qc7 17. a4 b4 18. c4 Nf6 19. Qf4 e5 20. Qe3 Ng4 21. Qe4 Rbd8 22. Bg5 f6 23. Qxg6 Qb6 24. Rf1 fxg5 25. Qxh5 Nf6 26. Qxg5 e4 27. c5 Qc7 28. Bc4+ Kh8 29. Nh2 Ne5 30. Bb3 Nh7 31. Qh5 Qxc5 32. Kh1 Rxf2 33. Rxf2 Qxf2 34. Rf1 Qxb2 35. Be6 Qd4 36.
Bf5 1-0

[Event "Early-Titled-Tuesday-Blitz-July-09-2024"]
[Site "Chess.com"]
[Date "2024.07.09"]
[Round "9"]
[White "AndresDelgado77"]
[Black "Happy1712Drummer"]
[Result "0-1"]
[WhiteElo "2326"]
[BlackElo "2443"]
[TimeControl "180+1"]
[EndTime "9:45:42 PDT"]
[Termination "Happy1712Drummer won by resignation"]

1. e4 c5 2. Nf3 e6 3. Nc3 Nc6 4. d4 cxd4 5. Nxd4 Nf6 6. a3 d5 7. Bb5 Qb6 8. exd5 exd5 9. O-O Bc5 10. Na4 Qc7 11. Nxc5 O-O 12. Bxc6 bxc6 13. b4 a5 14. Bg5 Ng4 15. g3 axb4 16. axb4 Rxa1 17. Qxa1 Qe5 18.
Bf4 Qh5 19. h4 h6 20. f3 Nf6 21. Re1 g5 22. hxg5 hxg5 23. Re5 Nh7 24. Qc1 f6 25. Re7 Qh3 26. Nxc6 gxf4 27. Qxf4 Ng5 28. Re2 Qh6 29. Ne7+ Kf7 30. Nxc8 Nh3+ 31. Kg2 Nxf4+ 32. gxf4 Rxc8 33. Nd3 Rg8+ 34. Kf2 Qh2+ 35. Ke3 Re8+ 36. Kd2 Qxe2+ 37. Kc3 Rc8+ 0-1

[Event "Early-Titled-Tuesday-Blitz-July-09-2024"]
[Site "Chess.com"]
[Date "2024.07.09"]
[Round "9"]
[White "santig8"]
[Black "Dewarfd"]
[Result "0-1"]
[WhiteElo "2265"]
[BlackElo "2095"]
[TimeControl "180+1"]
[EndTime "9:45:42 PDT"]
[Termination "Dewarfd won on time"]

1. e4 c5 2. d4 cxd4 3. c3 g6 4. cxd4 d5 5. exd5 Nf6 6. Nc3 Nxd5 7. Bc4 Nb6 8. Bb5+ Bd7 9. Bxd7+ N8xd7 10. Nf3 Bg7 11. O-O Nf6 12. Bf4 a6 13. Re1 O-O 14. Qb3 e6 15. Rac1 Nbd5 16. Nxd5 Nxd5 17. Be5 b5 18. Bxg7 Kxg7 19. Ne5 Rc8 20. h3 Qg5 21. Rxc8 Rxc8 22. Qf3 Qf4 23. Qa3 Rc2 24. Nf3 b4 25.
Qxa6 Rxb2 26. Qa7 Nc3 27. Qa6 Ne4 28. Rf1 Nd2 29. Nxd2 Qxd2 30. Qb5 Rxa2 31. Qe5+ Kh6 32. h4 b3 33. Qe4 Ra5 34. g3 Rf5 35. g4 Rf4 36. g5+ Kh5 0-1

[Event "Early-Titled-Tuesday-Blitz-July-09-2024"]
[Site "Chess.com"]
[Date "2024.07.09"]
[Round "9"]
[White "Kirill_Klukin"]
[Black "Kobalia"]
[Result "1-0"]
[WhiteElo "2932"]
[BlackElo "2817"]
[TimeControl "180+1"]
[EndTime "9:45:44 PDT"]
[Termination "Kirill_Klukin won on time"]

1. d4 d5 2. c4 c6 3. Nf3 Nf6 4. Nc3 e6 5. e3 Nbd7 6. Qc2 Bd6 7.
Bd3 O-O 8. O-O dxc4 9. Bxc4 e5 10. Rd1 Qe7 11. h3 Bc7 12. b3 e4 13. Nd2 Re8 14.
a4 Bd6 15. a5 Nf8 16. Bb2 Ng6 17. d5 Bf5 18. dxc6 bxc6 19. Ne2 Nh4 20. Ng3 Bg6 21.
Ndf1 Rac8 22. Rd2 Be5 23. Rad1 Bxb2 24. Qxb2 Nf5 25. Nxf5 Bxf5 26. Ng3 Bg6 27. Qd4 h5 28. Qd6 h4 29. Ne2 Bh5 30. Qxe7 Rxe7 31. Rd8+ Rxd8 32. Rxd8+ Kh7 33. Nf4 Bg6 34. Rc8 Nd5 35. Nxg6 fxg6 36.
Rxc6 Nb4 37. Rc8 Rd7 38. Re8 Rd1+ 39. Kh2 Nd3 40. Rxe4 Rh1+ 41. Kxh1 Nxf2+ 42. Kg1 Nxe4 43. b4 Kh6 44. Bd3 Nd6 45. b5 Kg5 46. b6 axb6 47. axb6 Kf6 48. Be4 1-0

[Event "Early-Titled-Tuesday-Blitz-July-09-2024"]
[Site "Chess.com"]
[Date "2024.07.09"]
[Round "9"]
[White "Crazy_girl99"]
[Black "Andrei_Skvortsov"]
[Result "1-0"]
[WhiteElo "2663"]
[BlackElo "2794"]
[TimeControl "180+1"]
[EndTime "9:45:44 PDT"]
[Termination "Crazy_girl99 won by resignation"]

1. e4 d5 2. exd5 Qxd5 3. Nc3 Qe5+ 4. Be2 Bg4 5. f3 Bf5 6. d4 Qa5 7. Bd2 c6 8. Bc4 Qb6 9. Nge2 Nf6 10. Na4 Qd8 11. Nc5 b6 12. Bd3 bxc5 13. Bxf5 cxd4 14. O-O e6 15. Bd3 Bc5 16. Bg5 h6 17. Bh4 Nbd7 18.
Bf2 Qb6 19. Rb1 Nd5 20. Qd2 Ne3 21. Rfe1 e5 22. b4 Be7 23. f4 Ng4 24. Bg3 O-O 25.
Bf5 d3+ 26. Kh1 dxe2 27. Qxd7 Ne3 28. Bf2 exf4 29. Qxe7 Nxf5 30. Qxf8+ Kxf8 31. Bxb6 axb6 32. Rxe2 Rxa2 33. Rd1 Ne3 34. Rc1 Nd5 35. Re4 g5 36.
Rc4 Ne7 37. g3 b5 38. Re4 fxg3 39. hxg3 Ra3 40. Kh2 Nf5 41. g4 Nd6 42. Rd4 Nc4 43.
Rf1 Rc3 44. Rf2 Kg7 45. Re4 Nd6 46. Re7 Rc4 47. Rd7 Rd4 48. Rfxf7+ Kg6 49. Rf2 Rd5 50. Re2 Kf6 51. Rh7 Nf7 52. Rf2+ Kg6 53. Rhxf7 1-0

[Event "Early-Titled-Tuesday-Blitz-July-09-2024"]
[Site "Chess.com"]
[Date "2024.07.09"]
[Round "9"]
[White "nindjaxx8"]
[Black "Aggressus"]
[Result "0-1"]
[WhiteElo "2691"]
[BlackElo "2583"]
[TimeControl "180+1"]
[EndTime "9:45:44 PDT"]
[Termination "Aggressus won by resignation"]

1. d4 g6 2. c4 Nf6 3. Nc3 d5 4. cxd5 Nxd5 5. e4 Nxc3 6. bxc3 Bg7 7. Nf3 O-O 8. Be3 c5 9. Rc1 cxd4 10. cxd4 Qa5+ 11.
Bd2 Qxa2 12. Bc4 Qa3 13. O-O Bg4 14. e5 Bxf3 15. gxf3 Nc6 16. Be3 Rad8 17. f4 e6 18.
Qd2 Rd7 19. Rfd1 Rfd8 20. Rb1 a6 21. Qc2 Nxd4 22. Bxd4 Rxd4 23. Rxd4 Rxd4 24. Rxb7 Bh6 25. Rb8+ Kg7 26. Be2 Bxf4 27. Qc8 Kh6 28. Qb7 Rd2 29. Qe4 Qa1+ 30. Kg2 Qxe5 31. Qf3 Rxe2 32. Qh3+ Kg7 33. Rb7 h5 34. Qb3 Be3 35. Qb2 Qxb2 0-1

[Event "Early-Titled-Tuesday-Blitz-July-09-2024"]
[Site "Chess.com"]
[Date "2024.07.09"]
[Round "9"]
[White "Ginger_GM"]
[Black "jasrom"]
[Result "1-0"]
[WhiteElo "2612"]
[BlackElo "2364"]
[TimeControl "180+1"]
[EndTime "9:45:45 PDT"]
[Termination "Ginger_GM won on time"]

1. d4 d5 2. c4 e6 3. Nc3 c6 4. e4 dxe4 5. Nxe4 Bb4+ 6. Bd2 Qxd4 7. Bxb4 Qxe4+ 8. Be2 Na6 9. Ba5 b6 10. Qd6 Bd7 11.
Bc3 f6 12. Nf3 O-O-O 13. Nd2 Qf5 14. O-O Nh6 15. Qa3 Kb7 16. b4 Nc7 17. Bf3 Kb8 18. b5 cxb5 19. Rab1 Nf7 20. cxb5 Ng5 21. Bc6 Bc8 22. Nc4 Ne4 23. Ba5 Qc5 24. Qa4 Nd6 25. Rfc1 Nxc4 26. Rxc4 Qd6 27. Rcc1 Bb7 28. Bb4 Qe5 29.
Bc3 Qd6 30. Bb4 Qe5 31. h3 g5 32. Bxb7 Kxb7 33. Qc2 1-0

[Event "Early-Titled-Tuesday-Blitz-July-09-2024"]
[Site "Chess.com"]
[Date "2024.07.09"]
[Round "9"]
[White "NM_Antelacus"]
[Black "LewAnatol"]
[Result "1-0"]
[WhiteElo "2288"]
[BlackElo "2172"]
[TimeControl "180+1"]
[EndTime "9:45:46 PDT"]
[Termination "NM_Antelacus won on time"]

1. e4 c5 2. Nf3 e6 3. c3 Nf6 4. Bd3 c4 5. Bc2 d5 6. e5 Nfd7 7. d4 cxd3 8. Bxd3 Nc6 9. Bf4 Be7 10. O-O g5 11. Bg3 g4 12. Nd4 Ncxe5 13. Bb5 Ng6 14. Qxg4 a6 15. Ba4 h5 16. Qf3 h4 17.
Bf4 b5 18. Nc6 Qb6 19. Nxe7 Nxe7 20. Bc2 Bb7 21. Qe2 O-O-O 22. Be3 Qc7 23. Nd2 Rdg8 24. Nf3 Nf6 25. h3 Ng6 26. b3 Nf4 27. Bxf4 Qxf4 28.
Qe3 Qd6 29. Qe5 Qd8 30. Nd4 Rh5 31. Qe2 Rhg5 32. f3 Rxg2+ 33. Qxg2 Rxg2+ 34. Kxg2 Nh5 35.
Ne2 Qg5+ 36. Kf2 Ng3 37. Rg1 Qd2 38. Bd1 d4 39. cxd4 1-0

[Event "Early-Titled-Tuesday-Blitz-July-09-2024"]
[Site "Chess.com"]
[Date "2024.07.09"]
[Round "9"]
[White "PedroGil25"]
[Black "FREDERICKtheMATE"]
[Result "0-1"]
[WhiteElo "2631"]
[BlackElo "2750"]
[TimeControl "180+1"]
[EndTime "9:45:47 PDT"]
[Termination "FREDERICKtheMATE won by resignation"]

1. e4 c5 2. Nf3 Nc6 3. Bb5 g6 4. O-O Bg7 5. c3 e5 6. d4 cxd4 7. cxd4 exd4 8. Bf4 a6 9. Bc4 d6 10. Nbd2 Nge7 11. Nb3 O-O 12. Nbxd4 Nxd4 13. Nxd4 d5 14. exd5 Nxd5 15. Bg3 Nb6 16. Bxf7+ Rxf7 17. Nf3 Bg4 18. Qb3 Bxf3 19. gxf3 Nd7 20. Rad1 Qb6 21. Qd5 Nf6 22. Qc4 h6 23. Rfe1 Rf8 24. Re6 Qb5 25. Qxb5 axb5 26. Rb6 Nh5 27. Rxg6 Nxg3 28. hxg3 Rxf3 29. Rd7 R8f7 30. Rxf7 Rxf7 31. b3 Kh7 32. Rb6 Bd4 33. Rxb5 Bxf2+ 34. Kg2 b6 35. a4 Bd4 36. b4 Rf2+ 37. Kh3 Rb2 38. a5 bxa5 39. Rxa5 Rxb4 40. Rd5 Kg6 41. Rd6+ Bf6 42. Ra6 Rb3 43. Rc6 Kf5 44.
Kg2 h5 45. Rc2 Be5 46. Rf2+ Kg4 47. Re2 Rxg3+ 48. Kh1 Rh3+ 49. Kg2 Rh2+ 50. Kf1 Rxe2 51. Kxe2 Kg3 52. Kf1 Kh2 53. Kf2 h4 54. Kf1 h3 55.
Kf2 Bd4+ 56. Kf1 Kg3 0-1

[Event "Early-Titled-Tuesday-Blitz-July-09-2024"]
[Site "Chess.com"]
[Date "2024.07.09"]
[Round "9"]
[White "nj123456"]
[Black "AcostaPablo"]
[Result "0-1"]
[WhiteElo "2528"]
[BlackElo "2701"]
[TimeControl "180+1"]
[EndTime "9:45:47 PDT"]
[Termination "AcostaPablo won on time"]

1. e4 e6 2. d4 d5 3. Nd2 c5 4. exd5 Qxd5 5. Ngf3 cxd4 6. Bc4 Qd6 7. O-O Nf6 8. Nb3 Nc6 9. Nbxd4 Nxd4 10. Nxd4 Be7 11. c3 O-O 12. Qf3 Qc7 13. Bb3 a5 14. a4 Bd7 15. Bg5 h6 16. Bh4 Bc6 17. Nxc6 Qxc6 18.
Qxc6 bxc6 19. Bc4 Rfd8 20. Rfd1 Rab8 21. b3 Bd6 22. Rd3 g5 23. Rad1 Nd5 24. Bg3 Bxg3 25.
hxg3 Kf8 26. Kf1 Ke7 27. Ke2 h5 28. Rh1 Rh8 29. Kd2 Nb6 30. Ba6 Nd7 31. Bc4 Nc5 32. Rd4 e5 33. Rd3 Nxd3 34. Kxd3 f5 35. Ke3 h4 36.
gxh4 Rxh4 37. Re1 Re4+ 38. Kd2 Rxe1 39. Kxe1 Rh8 40. Ke2 c5 41. Kf3 Rh1 42. g4 Rh3+ 43. Kg2 fxg4 0-1

[Event "Early-Titled-Tuesday-Blitz-July-09-2024"]
[Site "Chess.com"]
[Date "2024.07.09"]
[Round "9"]
[White "DanylaBagrov"]
[Black "Redbandit87"]
[Result "1-0"]
[WhiteElo "2599"]
[BlackElo "2435"]
[TimeControl "180+1"]
[EndTime "9:45:47 PDT"]
[Termination "DanylaBagrov won by checkmate"]

1. e4 e5 2. Nf3 Nc6 3. d3 Nf6 4. Be2 h6 5. O-O d6 6. c3 g5 7. b4 g4 8. Nfd2 Bg7 9. Nc4 Ne7 10. f4 gxf3 11. Bxf3 Be6 12. Ne3 Qd7 13. c4 h5 14.
Nd5 Nfxd5 15. cxd5 Bg4 16. Bg5 Ng6 17. Nc3 f6 18.
Be3 Nh4 19. Bxg4 hxg4 20. Rc1 a6 21. a4 f5 22. exf5 Nxf5 23. Bg5 Nd4 24. Ne4 Rh5 25. h3 b5 26. a5 Rh7 27. h4 Rc8 28. Qe1 c6 29. dxc6 Rxc6 30. Rxc6 Qxc6 31. Be3 Qd7 32.
Bxd4 exd4 33. Nf6+ Kd8 34. Nxd7 Kxd7 35. Qe4 Rh6 36.
Rf7+ Kc8 37. Qe8# 1-0

[Event "Early-Titled-Tuesday-Blitz-July-09-2024"]
[Site "Chess.com"]
[Date "2024.07.09"]
[Round "9"]
[White "MarijaKuznecova"]
[Black "Bilan_Danila"]
[Result "1-0"]
[WhiteElo "2455"]
[BlackElo "2581"]
[TimeControl "180+1"]
[EndTime "9:45:47 PDT"]
[Termination "MarijaKuznecova won by resignation"]

1. e4 c6 2. d4 d5 3. e5 c5 4. dxc5 e6 5. a3 Bxc5 6. b4 Bb6 7. Bb2 a5 8. b5 a4 9. Qg4 Kf8 10.
Nf3 Ne7 11. Nbd2 h5 12. Qb4 Nd7 13. Bd3 Nc5 14. O-O Nxd3 15. cxd3 Bd7 16. Bd4 Ba5 17. Qb2 Nf5 18. Bc5+ Kg8 19. Rab1 b6 20. Be3 Rc8 21. Rbc1 Kh7 22. Ng5+ Kg6 23. Ndf3 Qe7 24. Nh3 f6 25. Nf4+ Kf7 26. Nd4 Nxd4 27. Bxd4 f5 28. Ne2 h4 29. f4 h3 30. g3 Rhd8 31. Nc3 Qe8 32. Nxa4 Bxb5 33. Nxb6 Bxb6 34. Bxb6 Rxc1 35. Rxc1 Rb8 36. Bc7 Rb7 37. Qc3 Qa8 38. Bd6 Qa6 39. Qc8 Kg6 40.
Qxe6+ Kh7 41. Qxf5+ Kg8 42. Rc8+ 1-0

[Event "Early-Titled-Tuesday-Blitz-July-09-2024"]
[Site "Chess.com"]
[Date "2024.07.09"]
[Round "9"]
[White "KVAIDAN"]
[Black "IMGC"]
[Result "0-1"]
[WhiteElo "2326"]
[BlackElo "2467"]
[TimeControl "180+1"]
[EndTime "9:45:47 PDT"]
[Termination "IMGC won by checkmate"]

1. f4 d5 2. Nf3 c6 3. e3 Bg4 4. h3 Bxf3 5. Qxf3 Nd7 6. c4 Ngf6 7. Nc3 e6 8. Be2 Bb4 9. O-O O-O 10. d3 Re8 11. Bd2 dxc4 12. dxc4 e5 13. Rad1 e4 14. Nxe4 Bxd2 15. Nxd2 Qb6 16. Kh1 Rxe3 17. Qf2 Rae8 18. Bf3 Qxb2 19. Rb1 Qxa2 20. Rxb7 Nc5 21. Rb8 Rxb8 22.
Qxe3 Qa5 23. Bxc6 h5 24. Bd5 Re8 25. Qd4 Qc7 26. Nf3 Nce4 27. Ng5 Ng3+ 28. Kg1 Ne2+ 29. Kh1 Nxd4 30. Bxf7+ Kf8 31. Bg6 Re2 32. Rg1 Qc6 33. f5 h4 34. Ne6+ Nxe6 35. fxe6 Ke7 36. Bf5 Nh5 37.
Bg4 Ng3+ 38. Kh2 Qd6 39. Rb1 Ne4+ 40. Kg1 Qd4+ 41. Kh1 Ng3+ 42. Kh2 Rxg2+ 43. Kxg2 Qe4+ 44. Kf2 Qxb1 45. Bf3 Qb2+ 46. Ke3 Qb4 47. Kf4 Qb6 48. Kg4 Qc5 49. Kxh4 Nf5+ 50. Kg4 Nd6 51. Bd5 a5 52. h4 a4 53. h5 a3 54. Kg5 a2 55. Kg6 a1=Q 56. Kh7 Qf6 57. Kg8 Qh6 58. Be4 Qc8# 0-1

[Event "Early-Titled-Tuesday-Blitz-July-09-2024"]
[Site "Chess.com"]
[Date "2024.07.09"]
[Round "9"]
[White "Radislav_Atanasov"]
[Black "gafkens"]
[Result "0-1"]
[WhiteElo "2409"]
[BlackElo "2626"]
[TimeControl "180+1"]
[EndTime "9:45:48 PDT"]
[Termination "gafkens won on time"]

1. e4 g6 2. d4 Bg7 3. Nf3 d6 4. Be2 e5 5. dxe5 dxe5 6. Qxd8+ Kxd8 7. O-O f6 8. Rd1+ Ke8 9. Nc3 c6 10. a4 Bh6 11. Bxh6 Nxh6 12. a5 Be6 13. Na4 Nd7 14. Rd6 Ke7 15. Rad1 Nf7 16. R6d2 Rhd8 17. b4 Rac8 18. c4 Nf8 19. Nc5 Rxd2 20. Rxd2 b6 21. Nxe6 Nxe6 22. axb6 axb6 23. Ra2 Rc7 24. Ra6 Rb7 25. Kf1 Nd6 26. Nd2 c5 27. b5 Nd4 28.
Bd1 f5 29. exf5 gxf5 30. f3 Nc8 31. Kf2 Ra7 32. Rxa7+ Nxa7 33. g4 Nc8 34. Ke3 Nd6 35.
f4 Ke6 36. Bf3 h6 37. Bd5+ Kf6 38. h3 Nc2+ 39. Kf3 Nb4 0-1

[Event "Early-Titled-Tuesday-Blitz-July-09-2024"]
[Site "Chess.com"]
[Date "2024.07.09"]
[Round "9"]
[White "amelia91"]
[Black "McCarthyStone"]
[Result "0-1"]
[WhiteElo "2095"]
[BlackElo "2496"]
[TimeControl "180+1"]
[EndTime "9:45:49 PDT"]
[Termination "McCarthyStone won by resignation"]

1. d4 d5 2. Nf3 Nf6 3. e3 Bg4 4. c4 b6 5. Nc3 e6 6. Qa4+ Qd7 7.
Qxd7+ Nbxd7 8. Ne5 Bb4 9. Nxg4 Bxc3+ 10. bxc3 Nxg4 11. cxd5 exd5 12. Bb5 Nf6 13. Ba3 O-O-O 14. O-O Kb7 15. Be2 Ne4 16. Rfc1 Nd2 17. c4 Nxc4 18. Bxc4 dxc4 19. Rxc4 Nf6 20. Be7 Rd7 21. Bxf6 gxf6 22.
a4 a5 23. Rb1 Rg8 24. g3 Rg5 25. h4 Rgd5 26. Kg2 c6 27. Rc5 Kc7 28. Rxd5 Rxd5 29. Kf3 b5 30. axb5 Rxb5 31. Ra1 Kb6 32. Ke4 f5+ 33. Kd3 Rb2 34. f3 Kb5 35. Rg1 a4 36. e4 a3 37. Ra1 Kb4 38. d5 fxe4+ 39. fxe4 Rb3+ 40. Kd4 c5+ 41. Ke5 Rd3 42. d6 c4 43.
g4 Kb3 44. g5 Kb2 45. Re1 a2 46. h5 a1=Q 47. Rxa1 Kxa1 48. g6 hxg6 49. hxg6 fxg6 50. Ke6 c3 51. e5 c2 52. Kf7 c1=Q 53. e6 Qf4+ 54.
Kxg6 Rxd6 0-1

[Event "Early-Titled-Tuesday-Blitz-July-09-2024"]
[Site "Chess.com"]
[Date "2024.07.09"]
[Round "9"]
[White "Byniolus"]
[Black "arctic_t00"]
[Result "1-0"]
[WhiteElo "2789"]
[BlackElo "2657"]
[TimeControl "180+1"]
[EndTime "9:45:50 PDT"]
[Termination "Byniolus won on time"]

1. d4 Nf6 2. Nf3 e6 3. Bf4 c5 4. c3 Be7 5. e3 O-O 6. Nbd2 b6 7. h3 cxd4 8. cxd4 d6 9. a3 Ba6 10. Bxa6 Nxa6 11. O-O Nc7 12. Rc1 Qd7 13. Qe2 Rac8 14. e4 Rfe8 15. e5 Nfd5 16. Bg3 Red8 17. Ne4 Ne8 18.
Qa6 Rc6 19. exd6 Nxd6 20. Ne5 Qc8 21. Qxc8 Rcxc8 22. Nd2 Nf5 23. Ndf3 Nxg3 24. fxg3 h6 25. Kf2 a5 26. Ke2 Bf6 27. Kd3 Kf8 28. Ng4 Ke7 29. h4 h5 30. Ne3 Nxe3 31. Kxe3 Rxc1 32. Rxc1 Kd7 33. Ke4 Rc8 34. Rxc8 Kxc8 35. b3 Kd7 36. d5 exd5+ 37. Kxd5 1-0

[Event "Early-Titled-Tuesday-Blitz-July-09-2024"]
[Site "Chess.com"]
[Date "2024.07.09"]
[Round "9"]
[White "HaryKane"]
[Black "SharathRk6"]
[Result "0-1"]
[WhiteElo "2598"]
[BlackElo "2467"]
[TimeControl "180+1"]
[EndTime "9:45:52 PDT"]
[Termination "SharathRk6 won by resignation"]

1. c4 Nf6 2. Nc3 e6 3. e3 d5 4. Nf3 Be7 5. b3 O-O 6. Bb2 b6 7. Qc2 Bb7 8. Be2 Nbd7 9. cxd5 exd5 10. O-O-O c5 11. d4 Rc8 12. Kb1 Ne4 13. dxc5 Nxf2 14. Nxd5 Bxd5 15. Rxd5 Nxh1 16. c6 Bf6 17. Rxd7 Qxd7 18.
cxd7 Rxc2 19. Kxc2 Bxb2 20. Kxb2 Rd8 21. Bb5 Nf2 22. Ne5 Ne4 23. b4 Kf8 24. Kb3 f6 25. Nd3 Ke7 26. Bc6 Nd6 27. b5 Nf7 28. Kc4 Kd6 29. Nb4 Ne5+ 30. Kd4 Nxd7 31. Be4 Nc5 32.
Bxh7 Ke6+ 33. Kc3 Rh8 34. Bc2 Rxh2 35. g4 Re2 36. Bf5+ Ke5 37. Nc6+ Kd5 38. Nb4+ Kd6 39.
Kd4 Rb2 40. Kc3 Re2 41. Kd4 Ne6+ 42. Bxe6 Kxe6 43. Nc6 Rxa2 44. e4 g6 45. Nd8+ Kd7 46.
Nc6 Ke6 47. Nb4 Ra4 48. Kc3 Rxb4 49. Kxb4 f5 50. Kc4 fxg4 0-1

[Event "Early-Titled-Tuesday-Blitz-July-09-2024"]
[Site "Chess.com"]
[Date "2024.07.09"]
[Round "9"]
[White "Gnechko_Ruslan"]
[Black "MarlonJodar"]
[Result "1-0"]
[WhiteElo "2514"]
[BlackElo "2367"]
[TimeControl "180+1"]
[EndTime "9:45:54 PDT"]
[Termination "Gnechko_Ruslan won on time"]

1. d4 Nf6 2. c4 g6 3. Nc3 d5 4.
cxd5 Nxd5 5. e4 Nxc3 6. bxc3 Bg7 7. Bc4 c5 8. Ne2 Nc6 9. Be3 O-O 10. h4 cxd4 11. cxd4 Qa5+ 12. Kf1 h5 13. Rb1 Qa3 14. Rb3 Qd6 15. e5 Nxe5 16. Bf4 Qd8 17. Bxe5 Bxe5 18. Qd3 Bf5 19. Qe3 Bg7 20. Rxb7 Rc8 21. Bb3 e6 22. f3 Bc2 23. Kf2 Bxb3 24. axb3 a5 25. Rd1 Qxh4+ 26. Kg1 Rc2 27. d5 exd5 28. Rxd5 Ra2 29. Rd1 Rc8 30.
Qf4 Qxf4 31. Nxf4 Be5 32. Nd3 Bd4+ 33. Kh2 Rcc2 34. Ne1 Bf2 35. Nxc2 Rxc2 36. Rd8+ Kg7 37. Rdd7 h4 38. Rxf7+ Kh6 39. Rh7+ Kg5 40. Rb5+ Kf6 41. Kh3 Be1 42. Ra7 Rc1 43. Ra6+ Kg7 44. Rb7+ Kh6 45.
Rbb6 Bf2 46. Rxg6+ Kh7 47. Rgc6 1-0

[Event "Early-Titled-Tuesday-Blitz-July-09-2024"]
[Site "Chess.com"]
[Date "2024.07.09"]
[Round "9"]
[White "Beca95"]
[Black "Jakhongir-Vakhidov"]
[Result "1-0"]
[WhiteElo "3011"]
[BlackElo "3024"]
[TimeControl "180+1"]
[EndTime "9:45:55 PDT"]
[Termination "Beca95 won by resignation"]

1. Nf3 g6 2. e4 c5 3. c3 d5 4. e5 Bg4 5. Bb5+ Nc6 6. h3 Bxf3 7.
Bxc6+ bxc6 8. Qxf3 Bg7 9. Qe2 f6 10. e6 f5 11. O-O Nf6 12. d3 O-O 13. Nd2 Qd6 14. Re1 c4 15. dxc4 Ne4 16. f3 Ng3 17. Qf2 Nh5 18. c5 Qc7 19. Nb3 Be5 20. Rxe5 Qxe5 21. Nd4 Rfc8 22. Bg5 Kf8 23. Qh4 Qg7 24. g4 h6 25. Bd2 Rab8 26. b3 f4 27. gxh5 g5 28. Qg4 Kg8 29. Qf5 Rf8 30. Qd3 Rbc8 31.
b4 Rf6 32. a4 Qf8 33. b5 cxb5 34. axb5 Rxc5 35. Rxa7 Qe8 36. b6 Rc8 37. b7 Rb8 38.
Qa6 Qxh5 39. Ra8 Rff8 40. Rxb8 Rxb8 41. Qa7 Qxh3 42. Qxb8+ Kh7 43. Be1 1-0

[Event "Early-Titled-Tuesday-Blitz-July-09-2024"]
[Site "Chess.com"]
[Date "2024.07.09"]
[Round "9"]
[White "mapleaff"]
[Black "jbking07"]
[Result "1-0"]
[WhiteElo "2352"]
[BlackElo "2443"]
[TimeControl "180+1"]
[EndTime "9:45:55 PDT"]
[Termination "mapleaff won on time"]

1. d4 d5 2. Bf4 Nf6 3. Nf3 c5 4.
e3 e6 5. Nbd2 Bd6 6. Bg3 O-O 7. c3 Qc7 8. Ne5 Nbd7 9. f4 a6 10.
a4 Rb8 11. Bd3 b5 12. axb5 axb5 13. O-O b4 14. Qf3 bxc3 15. bxc3 g6 16. Bh4 Nh5 17. g4 Ng7 18. Rac1 Rb2 19. Rc2 Rxc2 20. Bxc2 cxd4 21.
exd4 Ba6 22. Ra1 Bb5 23. Rb1 Ba6 24. Bg5 Rc8 25. Rb3 Bc4 26. Rb2 Nxe5 27. fxe5 Be7 28. Bxe7 Qxe7 29. Nxc4 dxc4 30. Rb7 Qe8 31. Ba4 Qf8 32.
h4 h5 33. gxh5 Nxh5 34. Bd1 Ng7 35. Qf6 Nf5 36. h5 Qg7 37. hxg6 1-0

[Event "Early-Titled-Tuesday-Blitz-July-09-2024"]
[Site "Chess.com"]
[Date "2024.07.09"]
[Round "9"]
[White "Shankland"]
[Black "FoggyMorning"]
[Result "1-0"]
[WhiteElo "2889"]
[BlackElo "2666"]
[TimeControl "180+1"]
[EndTime "9:45:56 PDT"]
[Termination "Shankland won on time"]

1. c4 e5 2. g3 c6 3. Nf3 e4 4. Nd4 Nf6 5. d3 d5 6. Bg2 exd3 7. cxd5 Nxd5 8. O-O Be7 9. Qxd3 O-O 10. Rd1 Bf6 11.
Nc3 Nxc3 12. bxc3 Re8 13. Rb1 Qa5 14. Qc2 Na6 15. e4 Nc5 16. Be3 Bg4 17. f3 Bd7 18. f4 Rad8 19. e5 Be7 20. h3 Bf8 21.
Bf2 Bc8 22. Kh2 Qa6 23. Bf1 Qa5 24. Bc4 Ne6 25. Nxe6 Bxe6 26. Bxe6 fxe6 27. Rxd8 Rxd8 28. Rxb7 Bc5 29. f5 Bxf2 30. f6 Qxe5 31. Rxg7+ Kf8 32.
Qxf2 Rd3 33. Rxh7 Re3 34. f7 Re2 35. Rh8+ Qxh8 36. Qxe2 Kxf7 37. h4 Qxc3 38. Kh3 Qd4 39. h5 Qd5 40. g4 Kg7 41. Qe3 e5 42. Qg5+ Kf8 43. Qf6+ Ke8 44. h6 Qd3+ 45. Kh4 Qd4 46. h7 1-0

[Event "Early-Titled-Tuesday-Blitz-July-09-2024"]
[Site "Chess.com"]
[Date "2024.07.09"]
[Round "9"]
[White "Potosino1970"]
[Black "2Coaches1Profile"]
[Result "1/2-1/2"]
[WhiteElo "2710"]
[BlackElo "2603"]
[TimeControl "180+1"]
[EndTime "9:45:56 PDT"]
[Termination "Game drawn by repetition"]

1. e4 Nf6 2. e5 Nd5 3. d4 d6 4.
Nf3 Nc6 5. c4 Nb6 6. e6 fxe6 7.
Nc3 g6 8. h4 Bg7 9. h5 e5 10.
dxe5 Nxe5 11. Nxe5 Bxe5 12. hxg6 hxg6 13. Rxh8+ Bxh8 14. Bd3 c6 15. Bxg6+ Kd7 16. c5 Qg8 17. Qh5 Bxc3+ 18. bxc3 Nd5 19. Bd2 Nf6 20. Qh6 Qe6+ 21. Be3 Ng4 22. Qg5 Nxe3 23. fxe3 Kc7 24. Rd1 b6 25. Bf5 Qxf5 26. Qxe7+ Bd7 27. Qxd6+ Kc8 28.
Rd4 bxc5 29. Rf4 Qe6 30. Qxc5 Kc7 31. Qa5+ Kc8 32. Rf8+ Be8 33. Kf2 Rb8 34. Qa6+ Kd8 35. Qa5+ Ke7 36. Qc5+ Qd6 37. Qf5 Rb2+ 38. Kg1 Qd1+ 39.
Kh2 Qd6+ 40. Kg1 Qd1+ 41. Kh2 Qd6+ 42. Kg1 1/2-1/2

[Event "Early-Titled-Tuesday-Blitz-July-09-2024"]
[Site "Chess.com"]
[Date "2024.07.09"]
[Round "9"]
[White "Tagir45"]
[Black "esrosenberg"]
[Result "1-0"]
[WhiteElo "2619"]
[BlackElo "2324"]
[TimeControl "180+1"]
[EndTime "9:45:56 PDT"]
[Termination "Tagir45 won by resignation"]

1. d4 d5 2. c4 e6 3. Nf3 a6 4. cxd5 exd5 5. Nc3 c6 6. Bf4 Bd6 7. Bxd6 Qxd6 8. e3 Ne7 9. Bd3 O-O 10. O-O Bf5 11. Be2 Nd7 12. a3 Qh6 13. b4 Rae8 14. a4 Nc8 15. b5 axb5 16. axb5 Nd6 17. bxc6 bxc6 18. Ra6 Ne4 19. Qc1 Re6 20. Nxe4 Bxe4 21. Nd2 Bxg2 22. Kxg2 Rg6+ 23. Kh1 Qh3 24. Rg1 Rh6 25.
Nf3 Nf6 26. Rg3 Qh5 27. Rg5 Qh3 28. Qf1 Qc8 29. Bd3 Ne4 30. Bxe4 dxe4 31. Nd2 f5 32.
Ra7 Rxh2+ 33. Kg1 Rh6 34. Raxg7+ Kh8 35. Qg2 f4 36. exf4 Qe8 37. Nxe4 c5 38. dxc5 Qd8 39.
Nd6 Rxd6 40. cxd6 1-0

[Event "Early-Titled-Tuesday-Blitz-July-09-2024"]
[Site "Chess.com"]
[Date "2024.07.09"]
[Round "9"]
[White "KhamzinOlzhas"]
[Black "urano56"]
[Result "0-1"]
[WhiteElo "2535"]
[BlackElo "2396"]
[TimeControl "180+1"]
[EndTime "9:45:56 PDT"]
[Termination "urano56 won by resignation"]

1. d4 Nf6 2. c4 e6 3. Nc3 d5 4. cxd5 exd5 5. Bg5 Nbd7 6. e3 c6 7. Bd3 Be7 8. Qc2 O-O 9. h3 Re8 10. Nf3 Nf8 11. O-O Be6 12. Rab1 N6d7 13. Bf4 a5 14. a3 Ng6 15. Bg3 Nb6 16. Ne5 Bd6 17. f4 Nf8 18. f5 Bc8 19. f6 gxf6 20. Bh4 Qc7 21. Bxf6 Bxe5 22. dxe5 Rxe5 23. Qf2 Re6 24. Qh4 Ng6 25. Bxg6 fxg6 26. Qh6 Nc4 27. Be5 Qe7 28. Bd4 Bd7 29. Rf3 Ne5 30. Rf2 Re8 31. Rbf1 Bc8 32. e4 g5 33. Qh5 Rg6 34. exd5 c5 35. Be3 Nc4 36. Bc1 Nd6 37. Re2 Qd8 38. Rxe8+ Qxe8 39. Bxg5 Qe5 40.
h4 Qd4+ 41. Kh1 Bg4 42. Rf4 Bxh5 43. Rxd4 cxd4 44. Ne2 d3 45. Nf4 Rxg5 46. hxg5 d2 0-1